Map: Overgrown Facility

Players

HelloDan - Winner!

  • Race: Terran Terran
  • League: Platinum
  • Spawn Location: 7:00

Fonzy - Winner!

  • Race: Zerg Zerg
  • League: Platinum
  • Spawn Location: 9:00

OpuS

  • Race: Protoss Protoss
  • League: Platinum
  • Spawn Location: 3:00

Sketchaphone

  • Race: Zerg Zerg
  • League: Platinum
  • Spawn Location: 1:00

VOD

Have the link to the VOD?

Description

Time

  • Played on: Feb. 18, 2019, 8:30 p.m.
  • Length: 21:24
Show
View Real Time Build Order
Export as new Build Order

HelloDan Terran - Winner!

Build Orders: Gas First Reaper Expand 

Get SALT Encoding   

  12  0:01  SCV  
  13  0:13  SCV  
  14  0:20  Supply Depot  
  14  0:25  SCV  
  15  0:31  Refinery  
  15  0:43  SCV  
  15  0:46  Barracks  
  16  0:55  SCV  
  17  1:07  SCV  
  18  1:19  SCV  
  19  1:33  Reaper  
  20  1:40  Orbital Command  
  20  1:51  Command Center  
  20  1:58  Refinery  
  20  2:08  Supply Depot  
  20  2:13  Barracks Reactor  
  20  2:22  SCV  
  21  2:34  SCV  
  22  2:46  SCV  
  23  2:58  Marine x2, SCV  
  24  3:03  Orbital Command  
  26  3:08  Factory  
  26  3:10  SCV  
  27  3:19  Barracks  
  27  3:21  Marine x2  
  27  3:22  SCV  
  30  3:34  SCV  
  30  3:35  SCV  
  32  3:41  Marine x2  
  32  3:47  SCV x2  
  36  3:59  SCV  
  36  4:02  Factory Reactor  
  37  4:07  Barracks Tech Lab  
  37  4:08  Starport  
  36  4:10  Barracks  
  36  4:12  SCV x2  
  38  4:17  Marine x2, Refinery  
  38  4:24  SCV x2  
  42  4:35  Marine x2  
  42  4:38  Supply Depot x2  
  44  4:39  Supply Depot  
  44  4:40  Engineering Bay  
  44  4:43  Stimpack  
  44  4:46  Starport Reactor  
  46  4:56  Marine x2  
  46  4:59  Barracks Tech Lab  
  46  5:04  Marine  
  47  5:10  Widow Mine  
  47  5:11  Widow Mine, SCV x2  
  47  5:14  Marine x2  
  53  5:20  Terran Infantry Weapons Level 1  
  55  5:22  Marine  
  55  5:23  Engineering Bay, Marine, SCV x2  
  55  5:25  Medivac  
  55  5:28  Medivac  
  63  5:31  Marine  
  63  5:32  Marine  
  65  5:35  SCV  
  65  5:40  Marine  
  65  5:41  Marine  
  66  6:05  Supply Depot  
  66  6:06  Supply Depot  
  66  6:07  Supply Depot  
  66  6:08  Command Center  
  63  6:28  Marine  
  63  6:29  Marauder, Marine  
  63  6:30  Marauder  
  63  6:31  Widow Mine  
  63  6:32  Medivac x2, Widow Mine  
  77  6:46  Marine x2  
  78  6:50  Marine x2  
  78  6:51  Combat Shield  
  81  7:04  Marine x2  
  83  7:09  Marauder x2  
  83  7:14  SCV x2  
  89  7:19  Refinery  
  89  7:20  Planetary Fortress  
  89  7:22  Marine x2, Refinery  
  91  7:26  SCV  
  91  7:27  SCV  
  93  7:30  Marauder, Marine  
  96  7:40  Marine x2  
  98  7:48  Marauder  
  100  7:51  Marauder  
  100  7:57  Marine  
  99  8:09  Marauder  
  98  8:48  Marine x3  
  99  8:49  Marauder  
  96  9:06  Marauder, Marine x2  
  100  9:10  Marauder, Viking x2  
  100  9:11  Widow Mine  
  108  9:18  Supply Depot x2  
  108  9:19  Supply Depot  
  108  9:20  Widow Mine  
  108  9:23  Marine  
  108  9:24  Marine  
  111  9:28  Marauder  
  108  9:31  Marauder  
  108  9:33  Widow Mine  
  103  9:40  Viking x2  
  103  9:41  Marine x2, SCV x3  
  112  9:49  Marine  
  112  9:52  Marine  
  113  9:53  SCV  
  113  9:59  Marine  
  116  10:03  Marine  
  106  10:07  Marauder  
  106  10:10  Marine  
  97  10:17  Marine  
  89  10:28  Marauder  
  89  10:29  Marauder, Marine  
  89  10:31  SCV x3  
  89  10:35  Marine  
  94  10:38  Sensor Tower  
  94  10:41  Barracks  
  92  10:43  Barracks, Terran Infantry Armor Level 1, SCV x2  
  92  10:45  Barracks  
  92  10:48  Armory  
  93  10:50  Armory, Marauder x2  
  93  10:53  SCV  
  93  10:55  SCV  
  97  10:57  Refinery  
  97  11:06  Widow Mine x2, Viking x2  
  107  11:11  Marauder  
  107  11:14  SCV x3  
  107  11:15  Marine x3, Command Center  
  113  11:26  Armory, SCV  
  113  11:27  Widow Mine  
  113  11:29  Supply Depot  
  113  11:30  Supply Depot  
  118  11:33  Marauder, Marine x2  
  118  11:34  Marauder  
  118  11:36  Viking  
  124  11:40  Starport  
  124  11:49  Marine x2  
  124  11:50  Marine, Factory  
  124  11:51  Marine, SCV x3  
  133  11:54  Marauder  
  133  11:55  Marauder  
  135  12:01  Marine  
  135  12:06  Concussive Shells  
  135  12:07  Marine x2  
  135  12:08  Marine x2, Widow Mine x2  
  143  12:14  Terran Vehicle Weapons Level 1, Terran Vehicle And Ship Armor Level 1  
  146  12:15  Marauder  
  146  12:16  Marauder, Terran Ship Weapons Level 1  
  146  12:18  Starport Reactor  
  146  12:19  Marine  
  149  12:31  Marine x2  
  149  12:32  Marine  
  154  12:37  Marauder  
  154  12:38  Marauder  
  158  12:58  Marauder  
  158  12:59  Marauder  
  130  13:19  Marauder  
  95  13:21  Marauder  
  95  13:22  Marine x2  
  95  13:23  Marine  
  95  13:24  Factory Tech Lab  
  94  13:29  Factory x2  
  94  13:30  Factory  
  94  13:39  Marine x2  
  94  13:40  Marine x2  
  94  13:41  Marauder, Marine  
  101  13:42  Marauder  
  101  13:46  Planetary Fortress  
  101  13:48  SCV x3  
  106  13:59  Marine x2  
  106  14:00  SCV x3  
  106  14:02  Marauder  
  114  14:03  Barracks Reactor, Marauder  
  114  14:04  Barracks Reactor x2  
  114  14:07  Siege Tank  
  118  14:12  SCV x3  
  121  14:17  Factory Tech Lab x3  
  121  14:22  Marine x2  
  121  14:24  Marauder, SCV  
  125  14:25  Marauder  
  128  14:39  Siege Tank  
  128  14:40  Marine x5  
  128  14:45  Marauder  
  137  14:46  Marauder, Marine x2  
  127  14:56  Sensor Tower  
  127  14:57  Marine  
  127  14:58  Marine x4  
  126  15:05  Siege Tank x2  
  126  15:06  Marauder  
  129  15:07  Marauder  
  129  15:10  Marine x3  
  129  15:11  Viking x2, Siege Tank  
  129  15:12  Medivac x2  
  129  15:13  SCV  
  129  15:14  SCV x2  
  148  15:28  Marauder  
  150  15:29  Marauder  
  152  15:37  Refinery, Siege Tank x2  
  152  15:38  Refinery, SCV x3  
  152  15:39  Marine x2, SCV  
  152  15:41  Viking  
  152  15:42  Medivac  
  168  15:43  Siege Tank  
  168  15:49  Marauder  
  173  15:50  Marauder, SCV  
  173  15:54  Terran Vehicle And Ship Armor Level 2, Terran Vehicle Weapons Level 2  
  173  15:55  Terran Ship Weapons Level 2  
  173  15:56  Terran Infantry Armor Level 2, Terran Infantry Weapons Level 2  
  176  16:01  Command Center  
  176  16:09  Siege Tank x2  
  176  16:11  Marauder  
  184  16:12  Marauder, Marine x2  
  184  16:15  Sensor Tower  
  188  16:51  Marine  
  188  17:12  Marine x3, Siege Tank x2  
  188  17:13  Marauder  
  188  17:14  Siege Tank  
  200  17:29  Planetary Fortress  
  200  17:36  Command Center  
  200  17:40  Refinery x2  
  200  17:41  Marauder  
  181  17:44  Marine x2, Siege Tank x2  
  181  17:45  Marauder, Marine x3  
  181  17:46  Siege Tank  
  181  17:48  Marine x3  
  160  18:02  Marauder, Marine x2  
  160  18:03  Marine x3  
  154  18:06  Marauder  
  154  18:12  Marine x3  
  155  18:17  Siege Tank x2  
  155  18:18  Siege Tank  
  163  18:20  Marine x2  
  163  18:21  Marine  
  163  18:24  Marauder  
  168  18:28  Marauder  
  163  18:45  Marauder  
  165  18:49  Marauder, Siege Tank x2  
  173  19:01  Marine x5  
  178  19:06  Marauder  
  180  19:11  Marauder  
  182  19:28  Marauder  
  181  19:32  Marauder  
  166  19:49  Marauder  
  168  19:53  Marauder, Siege Tank x3  
  159  20:11  Marine x5  
  159  20:13  Marine x2  
  159  20:14  Marauder, Marine  
  153  20:15  Marauder  
  155  20:25  Siege Tank x3  
  164  20:29  Marine x5  
  164  20:31  Marine x3  
  163  20:36  Marauder x2  
  163  20:41  SCV x2  
  168  20:46  Marine  
  168  20:47  Marine x4  
  168  20:49  Marine x3  
  165  20:57  Marauder x2  
  174  21:04  Marine x3  
  174  21:05  Marine  
Show
View Real Time Build Order
Export as new Build Order

Fonzy Zerg - Winner!

Build Orders: Pool First 

Get SALT Encoding   

  12  0:02  Drone  
  13  0:11  Drone  
  14  0:18  Extractor  
  13  0:32  Spawning Pool  
  13  0:33  Drone  
  13  0:39  Drone  
  14  0:47  Overlord  
  14  1:05  Drone x2  
  14  1:06  Drone  
  17  1:20  Metabolic Boost  
  17  1:39  Hatchery  
  16  1:52  Queen  
  18  1:55  Drone  
  18  1:58  Overlord  
  19  2:14  Zergling x4  
  21  2:17  Zergling x2  
  22  2:28  Zergling x2  
  23  2:43  Zergling x2  
  24  2:52  Queen  
  24  2:57  Overlord  
  26  3:02  Zergling x8  
  30  3:06  Zergling x2  
  31  3:22  Zergling x4  
  33  3:33  Zergling x4  
  35  3:44  Baneling Nest  
  35  3:45  Zergling x10  
  39  3:56  Overlord  
  34  4:10  Zergling x8  
  36  4:23  Drone x2  
  38  4:36  Baneling x2  
  38  4:37  Baneling x4  
  38  4:38  Baneling  
  38  4:46  Drone x5  
  42  5:14  Drone x4  
  43  5:20  Zergling x8  
  43  5:21  Zergling x4  
  52  5:31  Overlord  
  52  5:32  Overlord  
  52  5:48  Overlord  
  52  5:51  Lair  
  52  5:55  Evolution Chamber  
  47  6:11  Zergling x2  
  47  6:12  Zergling x10  
  47  6:13  Zergling x6  
  45  6:30  Zergling x12  
  50  6:39  Spore Crawler  
  45  7:02  Spire, Drone  
  45  7:03  Drone x5  
  50  7:09  Drone x3, Extractor  
  52  7:18  Zergling x2  
  53  7:23  Zergling x2, Hatchery  
  53  7:28  Zergling x6  
  53  7:29  Zergling x4  
  58  7:31  Baneling x6  
  58  7:43  Zergling x4  
  58  7:44  Zergling x4  
  62  7:47  Zerg Melee Weapons Level 1  
  62  7:51  Drone x2  
  63  7:53  Extractor  
  48  8:32  Zergling x12  
  48  8:33  Zergling x12  
  58  8:48  Mutalisk x2  
  55  8:51  Queen  
  55  8:53  Drone x3  
  61  9:09  Corruptor x2  
  49  9:17  Zergling x4  
  49  9:18  Zergling x12  
  49  9:23  Roach Warren  
  56  9:24  Extractor  
  56  9:26  Corruptor  
  49  9:45  Corruptor x2  
  41  9:56  Zergling x2  
  41  9:57  Zergling x14  
  41  10:06  Mutalisk  
  41  10:13  Drone x3  
  41  10:14  Drone  
  44  10:28  Drone x3  
  47  10:33  Drone  
  47  10:34  Drone  
  49  10:40  Drone  
  50  10:56  Spawning Pool  
  49  11:17  Drone x4  
  49  11:18  Drone x4  
  53  11:44  Baneling x3  
  53  11:45  Baneling x3  
  53  11:46  Drone x3  
  53  11:47  Drone x6  
  58  11:53  Queen  
  64  12:32  Mutalisk  
  64  12:33  Mutalisk x5  
  64  12:36  Drone  
  78  12:37  Drone x5  
  78  12:40  Extractor  
  78  12:41  Overlord  
  78  12:43  Extractor  
  80  12:45  Zerg Flyer Weapons Level 1  
  80  12:46  Roach  
  80  13:05  Zergling x2  
  80  13:06  Zergling x10  
  86  13:27  Roach  
  86  13:28  Roach  
  86  13:29  Roach  
  90  13:39  Overlord x2  
  90  13:54  Overlord x2  
  90  14:03  Drone x4  
  90  14:04  Drone x3  
  97  14:13  Infestation Pit  
  97  14:14  Zergling x2, Extractor  
  97  14:15  Zergling x10  
  101  14:30  Corruptor  
  101  14:31  Corruptor x5  
  82  15:16  Drone x3  
  82  15:17  Drone x8  
  82  15:18  Drone  
  94  15:24  Hive  
  94  15:42  Zergling x10  
  99  15:43  Zergling x2  
  99  15:49  Hatchery  
  99  15:50  Drone x4  
  103  16:13  Baneling x4  
  103  16:14  Baneling x4  
  103  16:18  Overlord x3  
  101  16:31  Corruptor  
  101  16:32  Corruptor x5  
  103  16:35  Greater Spire  
  113  16:47  Corruptor x6  
  121  17:04  Glial Reconstitution  
  121  17:11  Queen  
  123  17:16  Extractor x2  
  123  17:19  Zergling x10  
  123  17:20  Zergling x4  
  123  17:22  Corruptor x5  
  138  17:54  Corruptor x4  
  138  17:56  Brood Lord x3  
  152  18:18  Overseer  
  152  18:19  Overseer  
  152  18:31  Overlord x2  
  152  18:45  Overlord x3  
  152  19:08  Corruptor x3  
  158  19:12  Brood Lord x3  
  158  19:13  Brood Lord x4  
  172  19:20  Baneling x4  
  172  19:21  Baneling x6  
  172  19:27  Overlord x2  
  172  19:52  Corruptor x5  
  176  19:53  Corruptor  
  184  20:01  Zergling x2  
  184  20:02  Zergling x14  
  184  20:03  Zergling x14  
  199  20:34  Overlord  
Show
View Real Time Build Order
Export as new Build Order

OpuS Protoss 

Build Orders:  

Get SALT Encoding   

  12  0:02  Probe  
  14  0:14  Probe  
  14  0:21  Pylon  
  14  0:26  Probe  
  15  0:43  Gateway  
  15  0:45  Probe  
  16  0:54  Probe  
  16  0:56  Assimilator  
  16  0:57  Assimilator  
  16  1:02  Probe  
  18  1:11  Probe  
  18  1:17  Gateway  
  19  1:23  Probe  
  20  1:33  Cybernetics Core  
  20  1:36  Pylon  
  20  1:38  Probe  
  21  1:53  Probe  
  22  2:05  Probe  
  23  2:13  Warp Gate  
  23  2:15  Stalker x2  
  27  2:17  Probe  
  28  2:25  Pylon, Probe  
  28  2:43  Probe  
  28  2:51  Probe  
  28  2:54  Stalker  
  28  2:56  Stalker  
  33  3:01  Probe  
  34  3:07  Pylon  
  34  3:33  Zealot  
  34  3:34  Zealot  
  38  3:37  Twilight Council  
  38  3:53  Robotics Facility  
  37  3:57  Shield Battery  
  36  4:09  Probe  
  35  4:17  Probe  
  34  4:26  Charge  
  34  4:27  Probe  
  35  4:34  Zealot x2  
  39  4:41  Observer  
  40  4:52  Nexus  
  40  4:54  Pylon  
  40  5:10  Observer  
  40  5:13  Zealot x2  
  45  5:19  Gateway  
  45  5:23  Pylon  
  45  5:43  Gateway  
  44  5:59  Zealot x2  
  42  6:14  Robotics Bay  
  42  6:18  Gateway  
  42  6:20  Probe x2, Gateway  
  36  6:39  Zealot x2  
  40  6:40  Zealot  
  40  6:45  Templar Archives  
  42  6:49  Probe  
  42  6:51  Probe  
  44  6:57  Colossus  
  44  7:01  Probe  
  51  7:21  Stalker  
  53  7:23  Stalker  
  55  7:33  Stalker  
  57  7:43  Zealot x2  
  61  7:45  Colossus  
  59  8:11  Stalker  
  59  8:12  Stalker  
  58  8:16  Probe  
  58  8:17  Probe  
  60  8:29  Probe x2  
  62  8:44  Zealot x2  
  62  8:45  Zealot  
  68  8:49  Probe x2  
  70  9:01  Probe x2  
  73  9:17  Probe x2  
  73  9:22  Gateway  
  73  9:23  Gateway  
  72  9:28  Psionic Storm  
  72  9:29  Probe  
  67  9:52  Stalker x4  
  63  10:01  Probe  
  63  10:02  Probe  
  63  10:05  Pylon  
  63  10:07  Assimilator  
  63  10:12  Assimilator  
  63  10:14  Probe  
  64  10:18  Blink  
  58  10:21  Stalker  
  58  10:33  Zealot x3  
  56  10:44  Probe x2  
  56  10:51  High Templar x5  
  66  11:12  Nexus, High Templar  
  66  11:13  Zealot x2  
  72  11:27  Colossus  
  78  11:35  Pylon  
  78  11:37  Pylon  
  78  11:39  Zealot  
  80  11:45  High Templar  
  82  11:51  Zealot x2  
  86  11:55  Stalker  
  86  11:59  Stalker  
  90  12:04  Probe x2  
  92  12:10  Stalker  
  92  12:15  Stalker  
  96  12:28  Probe x2  
  98  12:38  Probe  
  98  12:40  Probe x2  
  98  12:41  Colossus  
  107  12:59  Zealot  
  107  13:00  Zealot x4  
  103  13:18  Probe x3  
  103  13:19  High Templar x2  
  104  13:20  High Templar, Zealot  
  104  13:21  Zealot x3  
  114  13:30  Probe  
  114  13:32  Stalker  
  114  13:34  Probe x2  
  115  13:42  High Templar  
  117  13:48  Pylon  
  117  13:50  Pylon  
  117  13:53  Pylon  
  117  13:55  Pylon  
  117  13:56  Assimilator  
  117  14:00  Assimilator  
  117  14:06  Probe x3  
  117  14:07  Stalker x2  
  124  14:10  Stalker  
  124  14:11  Stalker  
  124  14:12  High Templar  
  124  14:15  Stalker  
  132  14:18  Probe x3  
  135  14:37  Probe x3  
  138  14:49  Probe  
  125  14:54  Archon  
  125  14:55  Archon  
  109  15:04  Zealot x4  
  109  15:05  Zealot x4  
  83  15:16  Nexus  
  83  15:19  Gateway  
  83  15:22  Gateway  
  83  15:23  Gateway  
  83  15:25  Stalker, Gateway  
  83  15:26  Stalker x4  
  93  15:36  Pylon  
  93  15:37  Pylon  
  93  15:40  Stalker  
  93  15:41  Stalker x2  
  99  15:59  Shield Battery  
  99  16:00  Shield Battery  
  99  16:03  Shield Battery  
  99  16:05  Shield Battery, Forge  
  99  16:06  Forge  
  99  16:09  Forge  
  99  16:18  High Templar x2  
  99  16:19  High Templar x5  
  99  16:21  Zealot x3  
  119  16:26  Zealot  
  119  16:27  Zealot  
  123  16:36  Protoss Ground Weapons Level 1, Protoss Ground Armor Level 1  
  123  16:42  Zealot x3  
  129  16:53  Zealot  
  129  16:54  Zealot x2  
  135  17:07  Stalker x3  
  139  17:20  Zealot x3  
  145  17:27  Probe x3  
  145  17:28  Probe  
  111  17:49  Zealot x5  
  111  17:50  Zealot  
  83  17:55  Zealot  
  85  18:06  Stalker x3  
  77  18:15  Stalker x2  
  81  18:23  High Templar  
  81  18:24  High Templar x3  
  83  18:27  Zealot  
  83  18:29  Probe x2  
  83  18:30  Probe  
  83  18:31  Probe  
  89  18:35  High Templar  
  91  18:44  Zealot  
  91  18:45  Stalker x2  
  97  18:56  Probe x3  
  97  18:57  Probe  
  101  19:07  High Templar  
  101  19:08  Zealot x2  
  101  19:09  Zealot x3  
  113  19:12  Zealot  
  115  19:23  Zealot x3  
  115  19:24  Zealot  
  93  19:38  Zealot  
  93  19:39  Zealot x5  
  93  19:44  High Templar  
  103  19:59  Zealot  
  89  20:00  Zealot x5  
  89  20:01  Zealot  
  89  20:05  High Templar x2  
  89  20:06  High Templar  
  95  20:21  Zealot x5  
  92  20:23  High Templar  
  90  20:38  Zealot x4  
  85  21:04  Zealot  
  85  21:05  Zealot x5  
  85  21:06  Zealot  
  82  21:20  Archon x2  
  82  21:21  Zealot x3  
  82  21:22  Zealot  
Show
View Real Time Build Order
Export as new Build Order

Sketchaphone Zerg 

Build Orders: Hatch First 

Get SALT Encoding   

  12  0:01  Drone  
  13  0:12  Overlord  
  13  0:21  Drone  
  14  0:23  Extractor  
  14  0:24  Drone  
  15  0:32  Drone  
  15  0:35  Drone  
  17  0:59  Hatchery, Drone  
  17  1:02  Drone  
  18  1:06  Extractor  
  17  1:24  Spawning Pool  
  17  1:25  Drone  
  17  1:28  Drone  
  18  1:39  Drone  
  19  1:40  Overlord  
  19  1:57  Drone  
  19  2:01  Drone  
  21  2:10  Metabolic Boost  
  21  2:11  Queen  
  21  2:12  Queen  
  21  2:15  Zergling x2  
  26  2:18  Drone  
  27  2:25  Drone  
  28  2:32  Roach Warren  
  27  2:47  Zergling x6  
  30  2:53  Overlord  
  30  2:55  Drone  
  30  2:56  Drone  
  30  2:57  Overlord  
  32  3:14  Zergling x2  
  32  3:16  Zergling x2  
  32  3:17  Zergling x2  
  35  3:27  Roach x3  
  35  3:28  Roach x2  
  35  3:30  Roach  
  47  3:44  Drone  
  47  3:45  Roach x2  
  52  4:02  Zergling x4  
  50  4:19  Hatchery  
  49  4:25  Drone  
  49  4:26  Evolution Chamber  
  49  4:47  Overlord  
  49  4:48  Lair  
  49  4:49  Pneumatized Carapace  
  49  4:51  Overlord, Drone  
  50  5:00  Drone  
  51  5:13  Overlord  
  51  5:15  Hatchery  
  51  5:16  Overlord  
  50  5:26  Roach, Zergling x2  
  50  5:27  Roach x4  
  61  5:32  Overlord  
  61  5:36  Extractor  
  61  5:37  Drone x2  
  61  5:38  Drone  
  63  5:52  Zergling x8  
  61  6:29  Drone  
  61  6:30  Drone x9  
  69  6:35  Zerg Ground Armor Level 1  
  69  6:39  Evolution Chamber  
  54  6:48  Extractor  
  54  6:50  Extractor  
  54  6:52  Spire  
  49  6:54  Drone x5  
  54  7:01  Queen  
  56  7:12  Zerg Melee Weapons Level 1  
  56  7:13  Zergling x8  
  60  7:18  Roach  
  60  7:19  Roach  
  64  7:33  Roach, Zergling x2  
  64  7:34  Roach  
  64  7:35  Roach x3  
  75  7:43  Roach  
  75  7:44  Roach x2  
  80  8:20  Zergling x18  
  80  8:21  Zergling x2  
  72  8:35  Mutalisk  
  72  8:36  Mutalisk x3  
  72  8:38  Zergling x2  
  74  8:47  Drone x5  
  77  9:02  Zergling x6  
  55  9:11  Drone x3  
  55  9:14  Queen  
  60  9:18  Spine Crawler  
  60  9:19  Spore Crawler  
  54  9:40  Zergling x12  
  54  9:45  Zergling x6  
  62  10:03  Zergling x6  
  41  10:19  Zergling x6  
  35  10:29  Zergling x6  
  35  10:30  Zergling x2  
  35  10:32  Spore Crawler  
  35  10:33  Spore Crawler x2  
  35  10:35  Spore Crawler, Drone x3  
  38  10:59  Overlord  
  38  11:08  Hydralisk Den, Drone x4  
  41  11:16  Spore Crawler  
  41  11:17  Drone  
  36  11:43  Drone x2  
  38  11:49  Zergling x14  
  38  11:51  Drone  
  46  11:58  Spore Crawler  
  45  12:13  Drone x5  
  50  12:28  Zergling x8  
  54  12:37  Drone x3  
  51  13:25  Zergling x24  
  56  13:36  Zergling x4  
  55  13:42  Zergling x2  
  55  13:46  Zerg Melee Weapons Level 2  
  55  13:48  Zergling x2  
  53  13:55  Drone  
  54  13:56  Drone  
  54  13:58  Hatchery  
  54  14:13  Spore Crawler  
  53  14:17  Spore Crawler  
  53  14:20  Drone  
  53  14:21  Zergling x10  
  58  14:28  Overlord  
  58  14:29  Overlord  
  43  15:05  Zergling x24  
  50  15:09  Grooved Spines  
  50  15:13  Zergling x2  
  51  15:14  Lurker Den  
  51  15:20  Drone x2  
  52  15:22  Zergling x2  
  52  15:27  Zergling x2  
  52  15:28  Zergling x2  
  55  15:32  Hydralisk  
  57  15:43  Drone  
  57  15:45  Hydralisk x4  
  66  16:06  Zergling x16  
  70  16:13  Zergling x12  
  76  16:29  Zergling x6  
  79  16:41  Lurker  
  79  16:43  Zergling x6  
  79  16:44  Zergling x2  
  83  16:58  Lurker  
  79  17:04  Zergling x20  
  79  17:07  Extractor  
  79  17:08  Extractor  
  87  17:11  Lurker  
  74  17:40  Lurker  
  56  18:12  Zergling x28  
  70  18:13  Zergling x2  
  70  18:16  Queen  
  70  18:19  Zergling x4  
  76  18:20  Zergling x2  
  76  18:28  Hydralisk x2  
  71  18:52  Zergling x22  
  79  18:57  Zergling x2  
  78  19:06  Zergling x6  
  70  19:21  Baneling Nest  
  69  19:28  Lurker  
  69  19:29  Lurker  
  57  19:52  Zergling x6  
  41  20:07  Zergling x2  
  41  20:08  Zergling x10  
  41  20:09  Zergling x10  
  46  20:32  Baneling  
  46  20:33  Baneling x13  
  37  20:54  Zergling x6  
  36  21:03  Drone  
Tags
 
Add a new tag
Caveats
  • Supply blocks, unpowered buildings, or Contaminate may cause inaccurate times.
  • Supply counts are checked every 10 seconds.